 Dungeon Sprint DCSS version 0.22-a0-619-ga0c6fd2 (webtiles) character file.

129 collin38 the Firebug (level 5, -5/33 HPs)
             Began as an Octopode Fire Elementalist on July 15, 2018.
             Was an Initiate of Vehumet.
             Slain by a dire flail of protection (14 damage)
             ... in the Dungeon (Sprint V: "Ziggurat Sprint").
             The game lasted 00:01:55 (91 turns).

collin38 the Firebug (Octopode Fire Elementalist)     Turns: 91, Time: 00:01:56

Health: -5/33      AC:  4    Str:  7    XL:     5   Next: 12%
Magic:  6/11       EV: 14    Int: 19    God:    Vehumet [......]
Gold:   0          SH:  6    Dex: 12    Spells: 11/12 levels left

rFire    + . .     SeeInvis .   H - +8 lance "Wyrmbane" {slay drac, rPois rF+ rC+ AC+3}
rCold    + . .     Gourm    .   I - +3 buckler
rNeg     . . .     Faith    .   (helmet restricted)
rPois    +         Spirit   .   (no amulet)
rElec    .         Reflect  .   (no ring)
rCorr    .         Harm     .   (no ring)
MR       .....     NoTele   +   (no ring)
Stlth    ++++......             (no ring)
HPRegen  0.11/turn              (no ring)
MPRegen  0.12/turn              (no ring)
                                (no ring)
                                (no ring)

@: very slightly contaminated, invisible
A: almost no armour, stealthy swim, amphibious, 8 rings, constrict 8, camouflage
1, gelatinous body 1
a: Renounce Religion


You were in the Dungeon.
You worshipped Vehumet.
Vehumet was noncommittal.
You were not hungry.

You visited 1 branch

Inventory:

Hand Weapons
 F - the +6 Majin-Bo {vamp, Archmagi MP+6 Int+6}
   (You found it in the Dungeon)

   It inflicts no extra harm, but heals its wielder when it wounds a living foe.
   It affects your intelligence (+6).
   It affects your magic capacity (+6).
 H - the +8 lance "Wyrmbane" (weapon) {slay drac, rPois rF+ rC+ AC+3}
   (You found it in the Dungeon)

   It affects your AC (+3).
   It protects you from fire.
   It protects you from cold.
   It protects you from poison.
Armour
 G - the +18 shield of the Gong {rElec rN+ MR+ EV-5}
   (You found it in the Dungeon)

   It affects your evasion (-5).
   It insulates you from electricity.
   It protects you from negative energy.
   It affects your resistance to hostile enchantments.
 I - a +3 buckler (worn)
Magical Staves
 w - an uncursed staff of energy
Jewellery
 y - a +6 ring of dexterity
 z - a +6 ring of dexterity
 A - a +6 ring of intelligence
 B - a +6 ring of intelligence
 C - a +6 ring of strength
 D - a +6 ring of strength
Wands
 t - a wand of disintegration (7)
 u - a wand of iceblast (7)
 v - a wand of acid (7)
Scrolls
 h - 4 scrolls of blinking
 n - 4 scrolls of amnesia
 o - 7 scrolls of fog
 p - a scroll of holy word
 q - 5 scrolls of identify
 r - 5 scrolls of remove curse
 s - 2 scrolls of fear
Potions
 a - 2 potions of brilliance
 c - 10 potions of curing
 d - 10 potions of heal wounds
 e - 6 potions of haste
 f - 7 potions of magic
 g - 3 potions of berserk rage
 i - a potion of invisibility
 j - 4 potions of resistance
 k - a potion of experience
 l - 5 potions of agility
 m - 5 potions of might
Miscellaneous
 x - a crystal ball of energy
 E - a lightning rod (4/4)
Comestibles
 b - 7 rations


   Skills:
 + Level 1.2 Fighting
 + Level 2.5 Polearms
 + Level 3.9 Dodging
 + Level 5.1 Stealth
 + Level 4.2 Spellcasting
 + Level 1.2 Conjurations
 + Level 7.2 Fire Magic


You had 11 spell levels left.
You knew the following spells:

 Your Spells              Type           Power        Failure   Level  Hunger
a - Flame Tongue          Conj/Fire      ###..        4%          1    None

Your spell library contained the following spells:

 Spells                   Type           Power        Failure   Level  Hunger
 Fireball                 Conj/Fire      ###.......   73%         5    ######.
 Conjure Flame            Conj/Fire      ###.....     12%         3    ###....
 Throw Flame              Conj/Fire      ###...       6%          2    #......
 Sticky Flame             Conj/Fire      ###.....     36%         4    ####...
 Inner Flame              Hex/Fire       ###.....     16%         3    ###....


Dungeon Overview and Level Annotations

Branches:
Dungeon (1/1)

Altars:
Ashenzari
Cheibriados
Dithmenos
Elyvilon
Fedhas
Gozag
Hepliaklqana
Kikubaaqudgha
Makhleb
Nemelex Xobeh
Okawaru
Qazlal
Ru
Sif Muna
Trog
Uskayaw
Vehumet
Wu Jian
Xom
Yredelemnul
Zin
The Shining One
Beogh
Jiyva
Lugonu

Annotations:
D 1 transporter


Innate Abilities, Weirdness & Mutations

You cannot wear most types of armour.
You are very stealthy in the water. (Stealth+)
You are amphibious.
You can wear up to eight rings at the same time.
You can use your tentacles to constrict eight enemies at once.
Your skin changes colour to match your surroundings (Stealth+).
Your rubbery body absorbs attacks. (AC +1, EV +1)


Message History

You puncture the dire flail of protection!
Your grab misses the dire flail of protection.
Your squeeze misses the dire flail of protection.
The dire flail of protection is almost destroyed.
You block the dire flail of protection's attack.
The dire flail of protection hits you!!
Ouch! That really hurt!
* * * LOW HITPOINT WARNING * * *
Evoke which item? (* to show all) (? for menu, Esc to quit)
Okay, then.
You closely miss the dire flail of protection.
Your grab misses the dire flail of protection.
The dire flail of protection is almost destroyed.
The dire flail of protection hits you but does no damage.
You closely miss the dire flail of protection.
Your grab misses the dire flail of protection.
The dire flail of protection is almost destroyed.
The dire flail of protection closely misses you.
The dire flail of protection hits you!
You die...

▓▓▓▓▓▓▓
▓.8©8.▓
▓(....▓
▓.@.%.▓
▓.....▓
▓.....▓
▓..©..▓
▓▓▓▓▓▓▓


You could see a dire flail of protection.

Vanquished Creatures
  A fire elemental (D)
1 creature vanquished.

Notes
Turn   | Place    | Note
-------+----------+-------------------------------------------
     0 | D        | Found the +6 Majin-Bo {vamp, Archmagi MP+6 Int+6}
     0 | D        | Found the +7 great mace "Firestarter" {inner flame, rF++}
     0 | D        | collin38 the Octopode Fire Elementalist began the quest for the Orb.
     0 | D        | Reached XP level 1. HP: 11/11 MP: 3/3
     0 | D        | Found a blossoming altar of Fedhas.
     1 | D        | Found a deep blue altar of Sif Muna.
     1 | D        | Found a sacrificial altar of Ru.
     1 | D        | Found a bloodstained altar of Trog.
     1 | D        | Found a stormy altar of Qazlal.
     1 | D        | Found an iron altar of Okawaru.
     1 | D        | Found a sparkling altar of Nemelex Xobeh.
     3 | D        | Found a transporter.
     3 | D        | Found an ancient bone altar of Kikubaaqudgha.
     3 | D        | Found a viscous altar of Jiyva.
     3 | D        | Found a corrupted altar of Lugonu.
     3 | D        | Found a hazy altar of Hepliaklqana.
     3 | D        | Found a burning altar of Makhleb.
     3 | D        | Found an opulent altar of Gozag.
    20 | D        | Found the +9 heavy crossbow "Sniper" {velocity, Acc+∞ SInv}
    20 | D        | Found the +10 dark maul {crush}
    20 | D        | Found the +15 Maxwell's patent armour {-Cast -Tele rElec MR+ rCorr}
    20 | D        | Found the +18 shield of the Gong {rElec rN+ MR+ EV-5}
    20 | D        | Found the cursed +14 obsidian axe {chop, +Fly SInv *Curse}
    22 | D        | Found the +6 shillelagh "Devastator" {shatter}
    22 | D        | Found the +11 plutonium sword {*Contam Stlth-}
    22 | D        | Found the +8 lance "Wyrmbane" {slay drac, rPois rF+ rC+ AC+3}
    22 | D        | Found the +9 sword of Zonguldrok {reap}
    22 | D        | Found the cursed +13 scythe of Curses {drain, *Curse}
    22 | D        | Found the +0 sword of Power
    22 | D        | Found the +7 mace of Variability {chain chaos}
    22 | D        | Found the +7 Singing Sword
    22 | D        | Found the +7 longbow "Piercer" {penet, EV-2}
    60 | D        | Became a worshipper of Vehumet
    73 | D        | Entered arena 2.
    73 | D        | Noticed a dire flail of protection
    73 | D        | Noticed a fire elemental
    73 | D        | Found a transporter.
    79 | D        | Killed a fire elemental
    79 | D        | Reached skill level 1 in Fighting
    79 | D        | Reached skill level 5 in Stealth
    79 | D        | Reached skill level 7 in Fire Magic
    79 | D        | Reached XP level 2. HP: 18/18 MP: 4/7
    79 | D        | Reached XP level 3. HP: 23/23 MP: 4/8
    79 | D        | Reached XP level 4. HP: 28/28 MP: 5/10
    79 | D        | Reached XP level 5. HP: 33/33 MP: 5/11
    91 | D        | Slain by a dire flail of protection

Vault maps used:
D:        sprint_v

Skill      XL: |  1 |
---------------+----+-----
Fighting       | 1 |  1.2
Polearms       | 2 |  2.5
Dodging        | 3 |  3.9
Stealth        | 5 |  5.1
Spellcasting   | 4 |  4.2
Fire Magic     | 7 |  7.2
Conjurations   | |  1.2

Action                   |  1- 3 |  4- 6 || total
-------------------------+-------+-------++-------
Melee: Lance             |     5 |     9 ||    14
  Use: Potion            |     1 |       ||     1
 Stab: Invisible         |     1 |     1 ||     2
Armor: Skin              |       |     1 ||     1
Dodge: Dodged            |     2 |     1 ||     3
Block: Buckler           |     1 |     1 ||     2

Table legend:
 A = Spawn XP
 B = Non-spawn XP
 C = Spawn XP percentage of total XP
 D = Spawn monster count
 E = Non-spawn monster count
 F = Spawn count percentage of total count
 G = Total turns spent on level
                    A         B        C        D         E        F      G
               +---------+---------+-------+---------+---------+-------+---------
         Total |       0 |     185 |   0.0 |       0 |       1 |   0.0 |    91
               +---------+---------+-------+---------+---------+-------+---------
             D |       0 |     185 |   0.0 |       0 |       1 |   0.0 |    91
               +---------+---------+-------+---------+---------+-------+---------
